 Dungeon Crawl Stone Soup version 0.32-a0-597-g8e3e136d6a (webtiles) character file.

Game seed: 17362023637374590060

447 whatisthis the Shooter (level 6, 0/55 HPs)
             Began as a Demigod Hunter on Mar 2, 2024.
             Killed from afar by Blork the orc (3 damage)
             ... with a magic dart
             ... on level 4 of the Dungeon.
             The game lasted 00:06:13 (3259 turns).

whatisthis the Shooter (Demigod Hunter)             Turns: 3259, Time: 00:06:14

Health: 0/55       AC:  5    Str: 12    XL:     6   Next: 44%
Magic:  0/8        EV: 12    Int: 11    God:
Gold:   78         SH:  0    Dex: 25    Spells: 5/5 levels left

rFire   . . .        a - +0 shortbow
rCold   . . .        (shield currently unavailable)
rNeg    . . .        c - +0 leather armour
rPois   .            (no helmet)
rElec   .            (no cloak)
rCorr   .            f - +0 pair of gloves
SInv    .            p - +0 pair of boots
Will    .....        n - amulet of guardian spirit
Stlth   ++           (no ring)
HPRegen 0.29/turn    (no ring)
MPRegen 0.11/turn

%: guardian spirit
@: attractive
A: high MP 1, forlorn, divine attributes
a: no special abilities


You were on level 4 of the Dungeon.
You visited 1 branch of the dungeon, and saw 4 of its levels.

You collected 78 gold pieces.

Inventory:

Hand Weapons
 a - a +0 shortbow (weapon)
 q - a +1 dagger of venom
Missiles
 g - 5 boomerangs
 s - 13 poisoned darts
Armour
 c - a +0 leather armour (worn)
 f - a +0 pair of gloves (worn)
 m - a +0 scale mail
 p - a +0 pair of boots (worn)
Jewellery
 n - an amulet of guardian spirit (around neck)
Wands
 t - a wand of flame (17)
Scrolls
 b - a scroll of fear {unknown}
 h - a scroll of noise {unknown}
 j - 5 scrolls of teleportation
 k - a scroll of torment {unknown}
 o - 4 scrolls of identify
Potions
 d - a potion of curing {unknown}
 e - a potion of attraction
 i - 2 potions of degeneration {unknown}
 l - a potion of haste {unknown}
 r - a potion of magic {unknown}
 u - a potion of heal wounds {unknown}
 v - a potion of invisibility {unknown}


   Skills:
 + Level 4.8 Fighting
 + Level 5.8 Ranged Weapons
 - Level 1.7 Dodging
 - Level 0.8 Stealth


You had 5 spell levels left.
You didn't know any spells.
Your spell library contained the following spells:

 Spells                   Type           Power      Damage    Failure   Level
 Tukima's Dance           Hex            0%         N/A       80%         3
 Dimensional Bullseye     Hex/Tloc       0%         N/A       99%         4
 Iskenderun's Mystic Bla  Conj/Tloc      0%         2d3       99%         4


Dungeon Overview and Level Annotations

Branches:
Dungeon (4/15)
 Temple: D:4-7

Annotations:
D:4 1 runed translucent door, Blork the orc, Crazy Yiuf, Duvessa


Innate Abilities, Weirdness & Mutations

You have an increased reservoir of magic. (+10% MP)
You shall have no god before yourself.
Your divine heritage dramatically boosts your attributes as you level up.


Message History

You shoot an arrow.
The arrow hits Blork the orc but does no damage.
Blork the orc is almost dead.
Blork the orc casts a spell at you. The puff of flame misses you.
Unknown command.
Fire: a) +0 shortbow
Press: ? - help, Q - select action, (/) - cycle Shift-Dir - straight line, f/p - Blork the orc
Aim: Blork the orc, wielding a +0 vampiric war axe and wearing a +1 robe of fire resistance (almost dead, fast, 71% to hit)
You shoot an arrow. The arrow barely misses Blork the orc.
Blork the orc closely misses you.
Blork the orc gestures at you while chanting.
The magic dart hits you!
* * * LOW HITPOINT WARNING * * *
Unknown command.
Fire: a) +0 shortbow
Press: ? - help, Q - select action, (/) - cycle Shift-Dir - straight line, f/p - Blork the orc
Aim: Blork the orc, wielding a +0 vampiric war axe and wearing a +1 robe of fire resistance (almost dead, fast, 71% to hit)
You shoot an arrow. The arrow barely misses Blork the orc.
Blork the orc hits you with a +0 vampiric war axe.
* * * LOW HITPOINT WARNING * * *
Blork the orc draws strength from your wounds!
Blork the orc hits you with a +0 vampiric war axe!
* * * LOW HITPOINT WARNING * * *
Blork the orc draws strength from your wounds!
Unknown command.
Unknown command.
Okay, then.
Unknown command.
It was a potion of attraction.
You feel attractive to monsters.
Blork the orc hits you with a +0 vampiric war axe.
* * * LOW HITPOINT WARNING * * *
Blork the orc draws strength from your wounds!
As you read the scroll labelled ILETWU LILLI, it crumbles to dust.
It is a scroll of identify.
j - 5 scrolls of teleportation Blork the orc points at you and mumbles some strange words.
The magic dart hits you.
You die...

#.# ... #.###
..... #.#.##
.......
#....####.........
#.......'.........
#....####.........
#.#.## ..# #.###
#@# #o# #...#
###.# .# #


You could see Blork the orc (fast).

Vanquished Creatures
  A scorpion (D:2)
  Dowan (D:4)
  A howler monkey (D:4)
  A bombardier beetle (D:4)
  An orc priest (D:4)
  Jessica (D:3)
  An orc wizard (D:3)
  8 gnolls
  2 adders
  3 dart slugs
  A ribbon worm (D:4)
  6 orcs
  6 ball pythons
  9 bats
  5 endoplasms
  3 giant cockroaches
  5 goblins
  7 hobgoblins
  3 jackals (D:4)
  3 quokkas
  8 kobolds
  4 rats
80 creatures vanquished.

Notes
Turn   | Place    | Note
-------+----------+-------------------------------------------
     0 | D:1      | whatisthis the Demigod Hunter began the quest for the Orb.
     0 | D:1      | Reached XP level 1. HP: 17/17 MP: 3/3
   191 | D:1      | Reached XP level 2. HP: 24/24 MP: 4/4
   293 | D:1      | Reached skill level 4 in Ranged Weapons
   843 | D:2      | Reached XP level 3. HP: 30/30 MP: 5/5
   857 | D:2      | Noticed a scorpion
   866 | D:2      | Killed a scorpion
   867 | D:2      | Reached XP level 4. HP: 21/38 MP: 6/6
  1790 | D:3      | Reached XP level 5. HP: 17/46 MP: 5/7
  1955 | D:2      | Reached skill level 5 in Ranged Weapons
  2139 | D:3      | Noticed Jessica
  2170 | D:3      | Killed Jessica
  2569 | D:4      | Found a runed translucent door.
  2570 | D:4      | Noticed Crazy Yiuf
  2692 | D:4      | Reached XP level 6. HP: 53/53 MP: 6/8
  3025 | D:4      | Noticed Dowan
  3025 | D:4      | Noticed Duvessa
  3027 | D:4      | Noticed Blork the orc
  3066 | D:4      | Killed Dowan
  3258 | D:4      | HP: 2/55 [Blork the orc/+0 vampiric war axe (2)]
  3259 | D:4      | Killed from afar by Blork the orc

Illustrated notes

Levels and vault maps discovered:
D:1:      kennysheep_arrival_seaside, layout_basic
D:2:      layout_loops_cross, grunt_decor_arrowhead
D:3:      layout_loops_ring, shapermc_ecumenical_altar_venn, uniq_jessica
D:4:      layout_loops_corners, roderic_batcave, uniq_menkaure,
          uniq_crazy_yiuf_cottage, uniq_duvessa, uniq_blork_the_orc

Skill      XL: |  1  2  3  4  5 |
---------------+----------------+-----
Fighting       | 2 3 4 |  4.8
Ranged Weapons | 4 5 |  5.8
Dodging        | |  1.7
Stealth        | |  0.8

Action                     |  1- 3 |  4- 6 || total
---------------------------+-------+-------++-------
   Fire: Shortbow          |    76 |   188 ||   264
    Use: Scroll            |       |     2 ||     2
         Potion            |       |     1 ||     1
 Armour: Leather armour    |    19 |    64 ||    83
  Dodge: Dodged            |    23 |    54 ||    77

Table legend: (Time is in decaauts)
 A = Elapsed time spent in this place.
 B = Non-inter-level travel time spent in this place.
 C = Inter-level travel time spent in this place.
 D = Time resting spent in this place.
 E = Time spent auto-exploring this place.
 F = Levels seen in this place.
 G = Mean time per level.
                   A        B        C        D        E       F      G
               +--------+--------+--------+--------+--------+-----+--------+
         Total |   3316 |   3197 |    119 |    561 |   1886 |   4 |  829.0 |
       Dungeon |   3316 |   3197 |    119 |    561 |   1886 |   4 |  829.0 |
               +--------+--------+--------+--------+--------+-----+--------+

Top non-repeatable levels by time:
     D:2: 965 daAuts
     D:4: 924 daAuts
     D:1: 736 daAuts
     D:3: 689 daAuts
